AoeStats
← TheQuietRiot

Arena

504767252Analyzed
1v1 RM · 26d ago on Sep 6, 2026· 80m 15s· 2 players
Game mode
Random Map
Map size
Tiny (2 player)
Population
200
Speed
Normal
Resources
Standard
Victory
Conquest
Starting age
Dark Age
Ending age
Imperial Age
RankedLock teamsTeams togetherTeam positionsShared explorationLock speedFull tech treeHidden civsTurbo modeCheats
Victory
Defeat
🇬🇧 Britons · United Kingdom
914
+14
🇩🇪 Khmer · Germany
881
-14
Priapos
12:52 Feudal Age
15:54 Castle Age
13:54 Double-Bit Axe
14:18 Horse Collar
15:31 Gold Mining
15:44 Stone Mining
20:14 Wheelbarrow
19:28 Loom
21:56 Scale Barding Armor
22:07 Bloodlines
23:24 Chain Barding Armor
25:31 Hand Cart
25:05 Town Watch
26:23 Forging
27:39 Bow Saw
30:03 Imperial Age
28:27 Padded Archer Armor
30:05 Stone Shaft Mining
30:07 Gold Shaft Mining
29:45 Elite Skirmisher
32:36 Fletching
33:40 Elite Ballista Elephant
34:37 Town Patrol
35:46 Husbandry
36:24 Plate Barding Armor
36:13 Double Crossbow
38:11 Chemistry
38:17 Bodkin Arrow
38:39 Leather Archer Armor
40:49 Capped Ram
41:47 Siege Ram
42:58 Light Cavalry
44:15 Hussar
56:15 Bracer
57:33 Ring Archer Armor
57:41 Iron Casting
60:30 Tusk Swords
61:05 Siege Engineers
61:42 Ballistics
63:25 Hoardings
62:15 Elite Battle Elephant
66:32 Blast Furnace
TheQuietRiot
9:55 Feudal Age
8:29 Loom
10:39 Double-Bit Axe
17:15 Castle Age
16:58 Horse Collar
19:11 Wheelbarrow
18:42 Gold Mining
18:43 Stone Mining
19:15 Bow Saw
24:14 Gold Mining
24:44 Fletching
27:01 Padded Archer Armor
27:36 Town Watch
29:38 Gold Shaft Mining
29:24 Hand Cart
30:11 Yeomen
31:10 Bodkin Arrow
31:38 Ballistics
32:10 Leather Archer Armor
32:07 Forging
34:47 Imperial Age
32:15 Pikeman
34:22 Iron Casting
33:48 Scale Mail Armor
33:51 Squires
34:16 Heavy Plow
34:13 Gambesons
35:30 Halberdier
36:12 Bracer
36:43 Ring Archer Armor
36:33 Chain Mail Armor
37:37 Chemistry
36:34 Murder Holes
37:49 Warwolf
39:20 Elite Longbowman
41:01 Conscription
43:11 Blast Furnace
42:41 Plate Mail Armor
45:10 Hoardings
58:37 Two-Man Saw
59:51 Light Cavalry
60:31 Husbandry
60:44 Scale Barding Armor
72:51 Chain Barding Armor
72:58 Arson
Connection lost

Rejoining the realm…

Still unreachable

The connection could not be restored.

Session expired

The server has moved on; the page needs a fresh start.